 Dungeon Crawl Stone Soup version 0.23.2-40-g277498a001 (webtiles) character file.

Game seed: 11643793879580279410

2065 Descartes the Blocker (level 9, -14/69 HPs)
             Began as a Formicid Fighter on Aug 23, 2019.
             Was an Initiate of Qazlal.
             Demolished by an orc warrior
             ... wielding a +0 trident
              (19 damage)
             ... on level 7 of the Dungeon.
             The game lasted 00:20:52 (5914 turns).

Descartes the Blocker (Formicid Fighter)            Turns: 5914, Time: 00:20:53

Health: -14/69     AC: 11    Str: 22    XL:     9   Next: 50%
Magic:  11/11      EV: 10    Int:  7    God:    Qazlal [......]
Gold:   413        SH:  0    Dex: 13    Spells: 6/8 levels left

rFire    . . .     SeeInvis +   a - +0 war axe
rCold    . . .     Gourm    .   c - +0 shield
rNeg     . . .     Faith    .   n - +0 chain mail
rPois    .         Spirit   .   (helmet unavailable)
rElec    .         Reflect  +   (no cloak)
rCorr    .         Harm     .   B - +0 pair of gloves (curse)
MR       .....                  (no boots)
Stlth    ..........             e - +4 amulet of reflection
HPRegen  0.21/turn              (no ring)
MPRegen  0.12/turn              (no ring)

@: confused
A: permanent stasis, dig shafts and tunnels, four strong arms, antennae 3
a: Dig, Shaft Self, Renounce Religion


You were on level 7 of the Dungeon.
You worshipped Qazlal.
Qazlal was noncommittal.
You were not hungry.

You visited 2 branches of the dungeon, and saw 8 of its levels.
You also visited: Sewer.

You collected 413 gold pieces.

Inventory:

Hand Weapons
 a - a +0 war axe (weapon)
 r - a +0 blowgun
 I - a +2 vampiric hand axe
Missiles
 j - 105 stones
 p - 2 throwing nets
 s - 17 poisoned needles
 x - 4 poisoned tomahawks (quivered)
 A - 32 arrows
Armour
 c - a +0 shield (worn)
 n - a +0 chain mail (worn)
 z - the +1 robe "Emodogys" {rPois rC++ Int-2 Dex-2}
   (You found it on level 4 of the Dungeon)

   It affects your intelligence (-2).
   It affects your dexterity (-2).
   It greatly protects you from cold.
   It protects you from poison.
 B - a cursed +0 pair of gloves (worn)
Jewellery
 e - a +4 amulet of reflection (around neck)
Wands
 t - a wand of digging (5)
 H - a wand of polymorph (7)
Scrolls
 b - 3 scrolls of enchant armour {unknown}
 h - a scroll of magic mapping {unknown}
 i - 4 scrolls of amnesia {unknown}
 k - 6 scrolls of teleportation {unknown}
 l - 5 scrolls of remove curse
 u - 2 scrolls of fear {unknown}
 v - 2 scrolls of enchant weapon {unknown}
 y - 2 scrolls of blinking {unknown}
 C - 2 scrolls of immolation {unknown}
 E - a scroll of noise {unknown}
 G - a scroll of fog {unknown}
Potions
 d - 4 potions of might
 g - 3 potions of brilliance
 m - 2 potions of flight
 o - 2 potions of haste
 w - 3 potions of lignification
 F - 2 potions of berserk rage {unknown}
Comestibles
 f - 5 rations


   Skills:
 + Level 6.0 Fighting
 + Level 4.9 Axes
 + Level 6.0 Armour
 + Level 3.9 Dodging
 * Level 8.6 Shields
 + Level 3.9 Evocations


You had 6 spell levels left.
You knew the following spells:

 Your Spells              Type           Power        Failure   Level  Hunger
a - Sticks to Snakes      Tmut           #.......     99%         2    ###....

Your spell library contained the following spells:

 Spells                   Type           Power        Failure   Level  Hunger
 Beastly Appendage        Tmut           #.....       98%         1    ##.....
 Spider Form              Tmut/Pois      #.........   100%        3    ####...
 Ice Form                 Ice/Tmut       #.......     100%        4    #####..
 Blade Hands              Tmut           #.........   100%        5    ######.


Dungeon Overview and Level Annotations

Branches:
Dungeon (7/15)             Temple (1/1) D:6

Altars:
Ashenzari
Cheibriados
Dithmenos
Fedhas
Gozag
Hepliaklqana
Kikubaaqudgha
Makhleb
Nemelex Xobeh
Okawaru
Qazlal
Ru
Sif Muna
Trog
Vehumet
Wu Jian
Xom
Yredelemnul
Zin
The Shining One


Innate Abilities, Weirdness & Mutations

You cannot be hasted, slowed, berserked, paralysed or teleported.
You can dig through walls and to a lower floor.
Your four strong arms can wield two-handed weapons with a shield.
You have a pair of large antennae on your head. (SInv)


Message History

You are too injured to fight recklessly!
You are too injured to fight recklessly!
You are too injured to fight recklessly!
You are too injured to fight recklessly!
You are too injured to fight recklessly!
Unknown command.
You are too injured to fight recklessly!
You are too injured to fight recklessly!
You slash the orc!
You kill the orc!
Qazlal accepts your kill.
The orc warrior hits you from afar with a +0 trident!!
* * * LOW HITPOINT WARNING * * *
The orc warrior hits you from afar with a +0 trident.
* * * LOW HITPOINT WARNING * * *
There is an open door here.
You are confused.
You feel invigorated.
The orc warrior hits you from afar with a +0 trident!!
You die...

## #.#.## #...#
...#....###......
..........).....(
.##....##......
#.###...# #...#
#.......# ..# ###
#####o..# # #.. ##'###
#.# ##.@.## #.####
##.....## #.##.##
##.......#
###.#...####.........#
...........'.........+
###.#..>####.........#
#.##.## ##.......##
###.#### ##.....##
.......# ##...##


You could see an orc warrior.

Vanquished Creatures
  A sky beast (D:6)
  3 ice beasts
  An orc warrior (D:6)
  A necrophage (D:6)
  A phantom (D:6)
  An ogre (D:4)
  A centaur (D:6)
  2 bullfrogs (D:6)
  3 howler monkeys
  2 crimson imps
  2 hounds (D:5)
  A centaur skeleton (D:4)
  2 jellies
  A gnoll shaman (D:1)
  A bullfrog skeleton (D:5)
  4 orc wizards
  Ijyb (D:3)
  An iguana (D:6)
  4 worker ants
  A worker ant zombie (D:6)
  14 gnolls
  7 river rats (Sewer)
  9 adders
  5 oozes
  An adder skeleton (D:6)
  2 worms
  2 dart slugs (D:1)
  4 leopard geckos
  23 orcs
  7 ball pythons
  7 giant cockroaches
  9 goblins
  14 hobgoblins
  11 jackals
  9 kobolds
  3 quokkas
  11 bats
  9 frilled lizards
  20 rats
201 creatures vanquished.

Notes
Turn   | Place    | Note
-------+----------+-------------------------------------------
     0 | D:1      | Descartes the Formicid Fighter began the quest for the Orb.
     0 | D:1      | Reached XP level 1. HP: 18/18 MP: 1/1
    29 | D:1      | Reached XP level 2. HP: 23/24 MP: 2/2
   144 | D:1      | Reached skill level 4 in Shields
   248 | D:1      | Reached XP level 3. HP: 25/29 MP: 3/3
   693 | D:2      | Reached XP level 4. HP: 27/37 MP: 4/4
   700 | D:2      | Reached skill level 1 in Dodging
   840 | D:2      | Reached XP level 5. HP: 42/42 MP: 5/5
  1028 | D:2      | Reached skill level 5 in Shields
  1174 | D:2      | Reached XP level 6. HP: 48/48 MP: 6/6
  1701 | D:3      | Found a shadowy altar of Dithmenos.
  1742 | D:3      | Noticed Ijyb
  1758 | D:3      | Killed Ijyb
  2453 | D:4      | Reached XP level 7. HP: 55/55 MP: 7/7
  2489 | D:4      | Reached skill level 6 in Shields
  2489 | D:4      | Reached skill level 1 in Evocations
  2679 | D:4      | Got a shimmering robe
  2690 | D:4      | Identified the +1 robe "Emodogys" {rPois rC++ Int-2 Dex-2}
                  | (You found it on level 4 of the Dungeon)
  3121 | D:5      | Entered Level 5 of the Dungeon
  3157 | D:5      | Found a glowing drain.
  3219 | Sewer    | Entered a sewer
  3254 | Sewer    | Reached XP level 8. HP: 59/61 MP: 9/9
  3722 | Sewer    | Reached skill level 5 in Fighting
  4070 | D:5      | Reached skill level 7 in Shields
  4264 | D:5      | Reached skill level 5 in Armour
  4564 | D:6      | Found a shattered altar of Ashenzari.
  4616 | D:6      | Found a hazy altar of Hepliaklqana.
  4626 | D:6      | Learned a level 2 spell: Sticks to Snakes
  4796 | D:6      | Found a staircase to the Ecumenical Temple.
  4812 | Temple   | Entered the Ecumenical Temple
  4922 | Temple   | Became a worshipper of Qazlal Stormbringer
  4977 | D:6      | Reached XP level 9. HP: 68/68 MP: 11/11
  4993 | D:6      | Reached skill level 8 in Shields
  5046 | D:6      | Found a basalt altar of Yredelemnul.
  5907 | D:7      | HP: 1/69 [orc warrior/+0 trident (5)]
  5914 | D:7      | Demolished by an orc warrior

Skill      XL: |  1  2  3  4  5  6  7  8  9 |
---------------+----------------------------+-----
Shields        | 4 5 6 7 8 |  8.6
Dodging        | 1 2 3 |  3.9
Fighting       | 4 5 6 |  6.0
Armour         | 4 5 6 |  6.0
Axes           | 3 4 |  4.9
Evocations     | 1 3 |  3.9

Action                   |  1- 3 |  4- 6 |  7- 9 || total
-------------------------+-------+-------+-------++-------
Melee: War axe           |    99 |   244 |   346 ||   689
 Abil: Dig               |       |     3 |    12 ||    15
  Use: Scroll            |       |     3 |     2 ||     5
       Potion            |       |       |     1 ||     1
  Eat: Chunk             |       |     6 |     9 ||    15
       Ration            |       |       |     3 ||     3
Armor: Scale mail        |    36 |       |       ||    36
       Chain mail        |     7 |   111 |   140 ||   258
Dodge: Dodged            |    38 |    62 |   109 ||   209
Block: Shield            |    95 |   250 |   290 ||   635
       Reflection        |     2 |     1 |     6 ||     9
